 Dungeon Crawl Stone Soup version 0.23.2-40-g277498a001 (webtiles) character file.

Game seed: 17124370841062916845

2994 MalarOregon the Conjurer (level 9, -2/67 HPs)
             Began as a Black Draconian Conjurer on Sept 19, 2019.
             Was a Follower of Hepliaklqana.
             Slain by an elephant (15 damage)
             ... on level 8 of the Dungeon.
             The game lasted 00:22:24 (10105 turns).

MalarOregon the Conjurer (DrCj)                    Turns: 10105, Time: 00:22:24

Health: -2/67      AC:  7    Str: 11    XL:     9   Next: 54%
Magic:  7/17       EV: 14    Int: 18    God:    Hepliaklqana [*.....]
Gold:   372        SH:  0    Dex: 12    Spells: 10/18 levels left

rFire    + . .     SeeInvis .   w - -1 long sword (curse)
rCold    . . .     Gourm    .   (no shield)
rNeg     . . .     Faith    .   (armour unavailable)
rPois    .         Spirit   .   (helmet restricted)
rElec    +         Reflect  .   (no cloak)
rCorr    .         Harm     .   (no gloves)
MR       .....                  (no boots)
Stlth    ++........             (no amulet)
HPRegen  0.21/turn              i - ring of protection from fire
MPRegen  0.15/turn              (no ring)

@: no status effects
A: breathe lightning, unfitting armour, reduced essence, electricity resistance,
cold-blooded, AC +7
a: Breathe Lightning, Recall Ancestor, Ancestor Identity, Renounce Religion


You were on level 8 of the Dungeon.
You worshipped Hepliaklqana.
Hepliaklqana was aware of your devotion.
You were near starving.

You visited 2 branches of the dungeon, and saw 9 of its levels.

You collected 372 gold pieces.

Inventory:

Hand Weapons
 q - a +1 dagger of venom
   (You took it off an orc on level 4 of the Dungeon)
 s - a +0 dagger of freezing
   (You took it off an orc wizard on level 4 of the Dungeon)
 w - a cursed -1 long sword (weapon)
   (You found it on level 7 of the Dungeon)
 x - a +3 dagger of speed
   (You took it off an orc wizard on level 7 of the Dungeon)
 y - the +1 mace "Jykhos" {crush, rPois Int+4, unknown}
   (You found it on level 7 of the Dungeon)

   It inflicts extra damage upon your enemies.
   It affects your intelligence (+4).
   It protects you from poison.
Jewellery
 i - a ring of protection from fire (left hand)
   (You took it off an orc on level 3 of the Dungeon)
Wands
 v - a wand of digging (2)
   (You took it off Edmund on level 4 of the Dungeon)
Scrolls
 c - 5 scrolls of remove curse {@r2}
 d - a scroll of fear {unknown}
 f - 2 scrolls of noise {unknown}
 g - a scroll of enchant weapon {unknown}
 h - 3 scrolls of teleportation {unknown}
 k - 2 scrolls of fog {unknown}
 n - a scroll of immolation {unknown}
 o - 2 scrolls of magic mapping {unknown}
 p - a scroll of amnesia {unknown}
 z - a scroll of enchant armour {unknown}
Potions
 a - a potion of invisibility
 b - 3 potions of curing {@q1}
 j - 3 potions of lignification {!q}
 l - a potion of agility
 m - 2 potions of flight
 r - 2 potions of resistance
 t - a potion of haste {unknown}
Comestibles
 e - 13 rations {!d}


   Skills:
 + Level 5.7 Fighting
 - Level 4.9(5.0) Short Blades
 + Level 1.4(3.4) Long Blades
 + Level 5.3 Dodging
 - Level 1.7 Stealth
 + Level 5.4 Spellcasting
 + Level 6.8 Conjurations
 + Level 4.4 Hexes


You had 10 spell levels left.
You knew the following spells:

 Your Spells              Type           Power        Failure   Level  Hunger
a - Magic Dart            Conj           ####         1%          1    None
s - Dazzling Spray        Conj/Hex       ####..       3%          3    ##.....
z - Fulminant Prism       Conj/Hex       ####......   12%         4    ####...

Your spell library contained the following spells:

 Spells                   Type           Power        Failure   Level  Hunger
 Searing Ray              Conj           ####..       1%          2    #......
 Slow                     Hex            ###.....     3%          2    #......
 Iskenderun's Mystic Bla  Conj           ####....     8%          4    ####...
 Conjure Flame            Conj/Fire      ###.....     10%         3    ##.....
 Mephitic Cloud           Conj/Pois/Air  ##......     16%         3    ##.....
 Blink                    Tloc           N/A          19%         2    #......
 Call Imp                 Summ           #.......     19%         2    #......
 Force Lance              Conj/Tloc      ###.....     30%         4    ####...


Dungeon Overview and Level Annotations

Branches:
Dungeon (8/15)             Temple (1/1) D:4            Lair (0/6) D:8

Altars:
Ashenzari
Cheibriados
Dithmenos
Elyvilon
Fedhas
Gozag
Hepliaklqana
Kikubaaqudgha
Makhleb
Nemelex Xobeh
Okawaru
Ru
Sif Muna
Trog
Uskayaw
Vehumet
Wu Jian
Xom
Yredelemnul
Zin
The Shining One


Innate Abilities, Weirdness & Mutations

You can breathe wild blasts of lightning.
Your glossy black scales are hard. (AC +7)
You cannot fit into any form of body armour.
You are resistant to electric shocks. (rElec)
You are cold-blooded and may be slowed by cold attacks.
Your life essence is reduced to manifest your ancestor. (-10% HP)


Message History

There is an open door here.
There is an open door here.
The elephant completely misses you. The elephant trunk-slaps you.
* * * LOW HITPOINT WARNING * * *
There is an open door here.
There is an open door here.
The elephant tramples you.
* * * LOW HITPOINT WARNING * * *
You hold your ground!
The elephant trunk-slaps you.
* * * LOW HITPOINT WARNING * * *
The elephant misses you. The elephant barely misses you.
You feel a little less agile now.
There is an open door here.
There isn't anything here!
You close the door.
You start resting.
Kateb hits the elephant.
The elephant is too close now for your liking.
The elephant tramples Kateb but does no damage.
The elephant trunk-slaps Kateb but does no damage.
Kateb hits the elephant but does no damage.
Something closely misses Kateb.
Something trunk-slaps Kateb.
Kateb hits the elephant but does no damage.
The elephant tramples Kateb.
Kateb holds his ground!
The elephant trunk-slaps Kateb.
Kateb barely misses the elephant.
The elephant tramples Kateb but does no damage.
The elephant trunk-slaps Kateb.
Kateb hits the elephant.
The elephant tramples Kateb!
Kateb holds his ground!
The elephant misses Kateb.
Kateb hits the elephant but does no damage.
Something barely misses Kateb.
Something trunk-slaps Kateb but does no damage.
You start resting.
Kateb hits the elephant but does no damage.
The elephant is too close now for your liking.
The elephant tramples Kateb!!
Kateb is shoved backwards!
Kateb is destroyed!
Aim: an elephant (moderately wounded)
The magic dart hits the elephant but does no damage.
Aim: an elephant (moderately wounded)
The magic dart hits the elephant but does no damage.
Aim: an elephant (moderately wounded)
The magic dart hits the elephant but does no damage.
Aim: an elephant (moderately wounded)
The spray of energy hits the elephant.
Aim: an elephant (moderately wounded)
The spray of energy hits the elephant.
The elephant is dazzled.
You barely miss the elephant. The elephant tramples you!
* * * LOW HITPOINT WARNING * * *
You stumble backwards!
The elephant tramples you!
You die...

#####
#############...#
#@Y...........#'##
#.############Y...
#....RY.#..RY+....
#######.#.####....
.$...........Y....
.####.....####.#..
#......... #....
#...........#.#..
..................


You could see an elephant (blind).

Vanquished Creatures
  Prince Ribbit (D:6)
  An orc warrior (D:4)
  4 ogres
  2 centaurs
  A crocodile (D:8)
  2 bullfrogs (D:6)
  A wyvern zombie (D:7)
  3 scorpions
  2 killer bees (D:7)
  A howler monkey (D:4)
  A crimson imp (D:6)
  2 jellies (D:3)
  A centaur zombie (D:4)
  A bullfrog zombie (D:6)
  2 orc priests (D:3)
  2 centaur skeletons
  4 hounds
  A bullfrog skeleton (D:4)
  4 orc wizards
  6 worker ants
  An iguana (D:7)
  A worker ant zombie (D:7)
  9 adders
  3 gnolls
  A howler monkey skeleton (D:4)
  A shadow imp (D:5)
  10 oozes (D:3)
  2 adder skeletons
  3 dart slugs
  8 leopard geckos
  21 orcs
  9 giant cockroaches
  2 goblins
  7 hobgoblins
  14 kobolds
  4 quokkas
  2 ball pythons
  7 bats
  8 frilled lizards
  A jackal skeleton (D:4)
  7 rats
163 creatures vanquished.

Vanquished Creatures (collateral kills)
  Menkaure (D:7)
  Edmund (D:4)
  An orc warrior (D:6)
  A crocodile (D:8)
  A scorpion (D:6)
  A killer bee (D:7)
  A crimson imp (D:6)
  2 iguanas
  An orc wizard (D:7)
  A killer bee zombie (D:6)
  An adder (D:7)
  A worm (D:6)
  5 orcs
18 creatures vanquished.

Vanquished Creatures (others)
  3 ancestors
  4 fulminant prisms
  6 toadstools (D:3)
13 creatures vanquished.

Grand Total: 194 creatures vanquished

Notes
Turn   | Place    | Note
-------+----------+-------------------------------------------
     0 | D:1      | MalarOregon the Draconian Conjurer began the quest for the
                  | Orb.
     0 | D:1      | Reached XP level 1. HP: 14/14 MP: 3/3
   404 | D:1      | Reached XP level 2. HP: 22/22 MP: 1/5
   657 | D:1      | Reached skill level 1 in Fighting
  1039 | D:1      | Reached XP level 3. HP: 28/28 MP: 1/6
  1046 | D:1      | Learned a level 3 spell: Dazzling Spray
  1331 | D:2      | Found a shadowy altar of Dithmenos.
  2246 | D:3      | Reached skill level 1 in Short Blades
  2246 | D:3      | Reached XP level 4. HP: 36/36 MP: 0/7
  2904 | D:3      | Reached skill level 1 in Hexes
  2919 | D:3      | Reached XP level 5. HP: 28/41 MP: 2/9
  3020 | D:3      | Learned a level 4 spell: Fulminant Prism
  3776 | D:3      | Reached XP level 6. HP: 46/50 MP: 6/10
  4243 | D:4      | Found a white marble altar of Elyvilon.
  4809 | D:4      | Reached skill level 5 in Conjurations
  5154 | D:4      | Found a staircase to the Ecumenical Temple.
  5201 | D:4      | Your scales start taking on a glossy black colour.
  5201 | D:4      | Reached XP level 7. HP: 30/57 MP: 2/12
  5201 | D:4      | Gained mutation: You are resistant to electric shocks.
                  | (rElec) [Black Draconian growth]
  5466 | Temple   | Entered the Ecumenical Temple
  5656 | Temple   | Became a worshipper of Hepliaklqana the Forgotten
  5759 | D:4      | Noticed Edmund
  5796 | D:4      | Killed Edmund
  6111 | D:5      | Entered Level 5 of the Dungeon
  6390 | D:5      | Found a sacrificial altar of Ru.
  6677 | D:5      | Found a glowing golden altar of the Shining One.
  6677 | D:5      | Reached * piety under Hepliaklqana
  6734 | D:5      | Reached XP level 8. HP: 53/59 MP: 6/14
  7629 | D:6      | Reached skill level 6 in Conjurations
  8153 | D:6      | Reached skill level 5 in Fighting
  8206 | D:6      | Reached XP level 9. HP: 60/66 MP: 11/16
  8514 | D:6      | Noticed Prince Ribbit
  8522 | D:6      | Killed Prince Ribbit
  8522 | D:6      | Reached skill level 5 in Spellcasting
  8683 | D:7      | Reached skill level 5 in Dodging
  9449 | D:7      | Noticed Menkaure
  9456 | D:7      | Killed Menkaure
  9456 | D:7      | Reached skill level 1 in Long Blades
  9794 | D:7      | Got a transparent mace
  9838 | D:7      | Found a sparkling altar of Nemelex Xobeh.
  9974 | D:8      | Found a staircase to the Lair.
  9974 | D:8      | Noticed an elephant
 10002 | D:8      | HP: 1/67 [elephant (10)]
 10105 | D:8      | Slain by an elephant

Skill      XL: |  1  2  3  4  5  6  7  8  9 |
---------------+----------------------------+-----
Dodging        | 2 3 4 5 |  5.3
Fighting       | 1 2 3 5 |  5.7
Short Blades   | 1 2 3 4 |  4.9
Hexes          | 1 2 3 4 |  4.4
Spellcasting   | 3 4 5 |  5.4
Conjurations   | 5 6 |  6.8
Long Blades    | 1 |  1.4
Stealth        | |  1.7

Action                   |  1- 3 |  4- 6 |  7- 9 || total
-------------------------+-------+-------+-------++-------
Melee: Unarmed           |    12 |       |       ||    12
       Short sword       |    16 |   129 |   100 ||   245
       Tailslap          |     1 |    16 |    28 ||    45
       Dagger            |       |       |   166 ||   166
       Long sword        |       |       |    29 ||    29
 Cast: Magic Dart        |    80 |   105 |    24 ||   209
       Dazzling Spray    |     2 |    19 |    50 ||    71
       Fulminant Prism   |       |     1 |     3 ||     4
 Abil: Breathe Lightning |       |       |     2 ||     2
  Use: Scroll            |       |     2 |     6 ||     8
       Potion            |       |       |     2 ||     2
 Stab: Invisible         |       |     3 |    16 ||    19
       Sleeping          |       |       |     6 ||     6
       Distracted        |       |       |     2 ||     2
  Eat: Chunk             |     5 |     5 |    19 ||    29
       Ration            |       |     2 |       ||     2
Armor: Skin              |    13 |    38 |    56 ||   107
Dodge: Dodged            |    35 |    86 |   216 ||   337
       Rpst.: Long sword |       |       |    11 ||    11
